 Dungeon Crawl Stone Soup version 0.30.0-29-ga12c61a403 (webtiles) character file.

Game seed: 10234508209939079811

167 seaoflcl the Shield-Bearer (level 5, -4/35 (42) HPs)
             Began as a Human Fighter on June 5, 2023.
             Splashed by a jelly's acid (5 damage)
             ... on level 3 of the Dungeon.
             The game lasted 00:03:24 (2631 turns).

seaoflcl the Shield-Bearer (Human Fighter)          Turns: 2631, Time: 00:03:25

HP:   -4/35 (42)    AC:  1    Str: 19    XL:     5   Next: 76%
MP:   5/5           EV:  7    Int:  8    God:
Gold: 101           SH:  4    Dex: 12    Spells: 4/4 levels left

rFire   . . .        a - +0 long sword
rCold   . . .        c - +0 buckler
rNeg    . . .        h - +0 chain mail
rPois   +            o - +0 hat
rElec   .            (no cloak)
rCorr   .            (no gloves)
SInv    .            (no boots)
Will    .....        (no amulet) Stlth
                     i - ring of poison resistance
HPRegen 0.25/turn    (no ring)
MPRegen 0.09/turn

%: no passive effects
@: corroded, heavily drained
A: no striking features
a: no special abilities


You were on level 3 of the Dungeon.
You visited 1 branch of the dungeon, and saw 3 of its levels.

You collected 101 gold pieces.

Inventory:

Hand Weapons
 a - a +0 long sword (weapon)
 q - a +0 sling
 v - a +0 short sword of draining
Armour
 c - a +0 buckler (worn)
 h - a +0 chain mail (worn)
 o - a +0 hat (worn)
 t - a +0 ring mail of willpower
Jewellery
 i - a ring of poison resistance (left hand)
 r - a ring of fire
Scrolls
 b - 4 scrolls of teleportation {unknown}
 f - a scroll of enchant weapon {unknown}
 g - 2 scrolls of identify {unknown}
 j - 3 scrolls of fog {unknown}
 m - a scroll of poison {unknown}
 s - a scroll of fear {unknown}
Potions
 d - a potion of might
 e - a potion of flight {unknown}
 k - 2 potions of curing {unknown}
 l - 2 potions of heal wounds {unknown}
 n - a potion of resistance {unknown}
 p - a potion of degeneration {unknown}
 u - a potion of attraction {unknown}
 w - a potion of lignification {unknown}


   Skills:
 + Level 3.7 Fighting
 * Level 3.7 Long Blades
 + Level 3.7 Armour
 + Level 3.8 Shields


You had 4 spell levels left.
You didn't know any spells.
Your spell library was empty.

Dungeon Overview and Level Annotations

Branches:
Dungeon (3/15)

Altars:


Message History

A kobold is nearby!
You barely miss the kobold. The kobold barely misses you.
You barely miss the kobold. The kobold closely misses you.
You hit the kobold.
You kill the kobold!
No target in view!
No target in view!
No target in view!
No target in view!
No target in view!
Things that are here:
a +0 short sword; a kobold corpse You open the door. 3 endoplasms come into view.
The endoplasm quivers. x2
Found a goblin skeleton.
There are monsters nearby! 2 jellies and 5 endoplasms come into view.
Found four items.
The endoplasm quivers.
The jelly quivers.
The endoplasm quivers.
The jelly quivers.
The endoplasm quivers. x2
The endoplasm closely misses you.
There is an open door here.
You hit the endoplasm.
The endoplasm is heavily wounded.
The endoplasm freezes you.
You are frozen.
You hit the jelly but do no damage.
Your hands burn!
The jelly barely misses you.
You hit the jelly. The acid corrodes you!
Your hands burn!
The jelly is lightly wounded.
The jelly hits you. The acid corrodes you!
You are splashed with acid!
You hit the jelly but do no damage.
Your hands burn!
The jelly is lightly wounded.
The jelly hits you.
* * * LOW HITPOINT WARNING * * *
The acid corrodes you!
You are splashed with acid!
* * * LOW HITPOINT WARNING * * *
You hit the jelly but do no damage.
Your hands burn!
You die...

.......# ####.###..## .......#
#.####).# .......# #.......######
.......# #######.†..... .......#
#)###### .......######## #)......
.......##.....J#############....#
.......##..÷PJJJ##......####....#
.......##.....J#@#....)..##.)...#
#########..PJPP#.#........'.....#
#.÷.J.÷#.#....)...'.....#
#########.PP...#)#'#......'.....#
.......##.J÷.÷.#.#.#.....##.....#
#####.###..PP.J#.#.#....####....#
#...#.# #$.÷...##.####### #....#
....#.# ### ###### #.###.#


You could see 2 jellies and 2 endoplasms.

Vanquished Creatures
  A phantom (D:3)
  3 adders (D:2)
  A worm (D:2)
  3 dart slugs
  4 orcs (D:3)
  A ball python (D:2)
  4 endoplasms
  3 giant cockroaches (D:1)
  4 goblins
  3 hobgoblins
  A quokka (D:3)
  4 bats
  2 frilled lizards
  15 kobolds
  3 rats
52 creatures vanquished.

Notes
Turn   | Place    | Note
-------+----------+-------------------------------------------
     0 | D:1      | seaoflcl the Human Fighter began the quest for the Orb.
     0 | D:1      | Reached XP level 1. HP: 18/18 MP: 1/1
    71 | D:1      | Reached XP level 2. HP: 18/24 MP: 2/2
   803 | D:2      | Reached XP level 3. HP: 20/29 MP: 3/3
  1471 | D:2      | Reached XP level 4. HP: 28/35 MP: 4/4
  1503 | D:2      | Found a faded altar of an unknown god.
  1744 | D:3      | Noticed a phantom
  1753 | D:3      | Killed a phantom
  1754 | D:3      | Reached XP level 5. HP: 40/42 MP: 5/5
  2630 | D:3      | HP: 1/35 [acid (9)]
  2631 | D:3      | Splashed by a jelly's acid

Illustrated notes

Levels and vault maps discovered:
D:1:      saegor_arrival_miasma, layout_basic
D:2:      layout_basic, basic_ecumenical_altar, nicolae_figureground_pulse
D:3:      cheibrodos_fertilizer, layout_basic

Skill      XL: |  1  2  3  4 |
---------------+-------------+-----
Long Blades    | 3 |  3.7
Fighting       | |  3.7
Armour         | |  3.7
Shields        | |  3.8

Action                     |  1- 3 |  4- 6 || total
---------------------------+-------+-------++-------
  Melee: Long sword        |   122 |    82 ||   204
   Fire: Sling             |       |     2 ||     2
 Armour: Scale mail        |    15 |       ||    15
         Chain mail        |    62 |    46 ||   108
  Dodge: Dodged            |    56 |    30 ||    86
  Block: Buckler           |    28 |    23 ||    51
